AoeStats
← Schluder

Arabia

505849769Analyzed
3v3 RM · 20d ago on Sep 11, 2026· 56m 29s· 6 players
Game mode
Random Map
Map size
Normal (6 player)
Population
200
Speed
Normal
Resources
Standard
Victory
Conquest
Starting age
Dark Age
Ending age
Imperial Age
RankedLock teamsTeams togetherTeam positionsShared explorationLock speedFull tech treeHidden civsTurbo modeCheats
Victory
Defeat
🇩🇪 Mongols · Germany
889
+16
🇩🇪 Chinese · Germany
791
+20
🇩🇪 Bulgarians · Germany
777
+21
🇫🇷 Byzantines · France
951
-21
🇩🇪 Malay · Germany
871
-18
🇩🇪 Wei · Germany
853
-18
S3r!ousLE3
3:51 Loom
11:29 Feudal Age
12:04 Double-Bit Axe
12:02 Horse Collar
13:44 Gold Mining
19:54 Castle Age
19:07 Scale Barding Armor
20:06 Forging
20:10 Bloodlines
20:12 Stone Mining
21:44 Husbandry
22:20 Town Watch
24:10 Chain Barding Armor
26:00 Bow Saw
29:52 Thumb Ring
29:39 Fletching
29:50 Padded Archer Armor
31:03 Light Cavalry
31:53 Heavy Plow
32:47 Stone Shaft Mining
32:50 Gold Shaft Mining
36:25 Imperial Age
34:25 Bodkin Arrow
36:05 Iron Casting
36:12 Wheelbarrow
37:46 Parthian Tactics
37:28 Bracer
38:31 Chemistry
37:04 Hussar
40:46 Blast Furnace
40:01 Leather Archer Armor
40:23 Conscription
41:30 Ming Guang Armor
44:38 Ring Archer Armor
44:09 Scale Mail Armor
44:46 Hand Cart
44:47 Tuntian
47:24 Elite Tiger Cavalry
strahil_2009
1:13 Loom
13:07 Feudal Age
14:18 Man-at-Arms
15:17 Double-Bit Axe
18:23 Forging
19:39 Horse Collar
23:02 Wheelbarrow
27:29 Castle Age
43:33 Bow Saw
42:58 Pikeman
44:11 Heavy Plow
49:30 Gold Mining
54:36 Imperial Age
Rodorm
12:24 Feudal Age
18:51 Castle Age
19:05 Pikeman
30:57 Forging
30:49 Double-Bit Axe
30:52 Horse Collar
31:56 Heavy Plow
37:54 Husbandry
37:52 Loom
38:43 Wheelbarrow
38:25 Gold Mining
38:25 Stone Mining
39:29 Bow Saw
39:22 Heavy Plow
40:17 Gold Shaft Mining
40:18 Stone Shaft Mining
39:49 Squires
41:29 Iron Casting
43:53 Crossbowman
44:38 Thumb Ring
45:09 Murder Holes
45:57 Ballistics
51:02 Imperial Age
50:15 Hand Cart
50:46 Scale Barding Armor
51:33 Heavy Camel Rider
53:12 Conscription
52:39 Arbalester
53:18 Fletching
54:42 Chemistry
55:27 Bodkin Arrow
Krysztoff
6:51 Loom
9:55 Feudal Age
14:17 Castle Age
16:15 Bloodlines
17:47 Forging
20:14 Scale Barding Armor
26:02 Double-Bit Axe
26:03 Horse Collar
26:17 Gold Mining
33:34 Bow Saw
36:58 Imperial Age
36:20 Ballistics
36:21 Bow Saw
36:48 Husbandry
37:02 Stone Mining
37:49 Gold Shaft Mining
37:55 Gold Shaft Mining
37:27 Heavy Plow
39:52 Stone Shaft Mining
40:25 Chemistry
39:59 Fletching
40:34 Chain Barding Armor
40:39 Fletching
42:28 Bodkin Arrow
42:34 Padded Archer Armor
43:09 Iron Casting
43:10 Bracer
46:05 Leather Archer Armor
47:40 Wheelbarrow
46:59 Elite Mangudai
48:36 Hand Cart
50:34 Conscription
Schluder
5:23 Loom
11:12 Feudal Age
13:18 Forging
17:23 Double-Bit Axe
20:15 Horse Collar
21:01 Scale Mail Armor
23:19 Wheelbarrow
25:42 Castle Age
28:31 Scale Barding Armor
29:02 Iron Casting
28:43 Chain Mail Armor
28:34 Squires
28:27 Gambesons
28:11 Pikeman
30:00 Bow Saw
36:42 Imperial Age
37:26 Stirrups
38:25 Chain Barding Armor
39:49 Plate Barding Armor
39:47 Plate Mail Armor
44:20 Hand Cart
44:16 Arson
45:12 Halberdier
48:05 Gambesons
54:34 Bagains
57:08 Heavy Plow
TrainerLukas
11:16 Feudal Age
10:05 Loom
15:40 Castle Age
14:13 Double-Bit Axe
15:28 Horse Collar
17:13 Bow Saw
19:08 Heavy Plow
23:55 Fervor
25:00 Wheelbarrow
25:45 Fletching
25:56 Padded Archer Armor
26:23 Town Watch
29:39 Hand Cart
31:55 Imperial Age
32:38 Bodkin Arrow
32:58 Leather Archer Armor
32:10 Elite Skirmisher
32:59 Thumb Ring
34:31 Conscription
33:45 Elite Chu Ko Nu
35:07 Ballistics
35:49 Chemistry
39:25 Bracer
39:56 Ring Archer Armor
Connection lost

Rejoining the realm…

Still unreachable

The connection could not be restored.

Session expired

The server has moved on; the page needs a fresh start.